 Dungeon Crawl Stone Soup version 0.31-a0-507-gbafd7f5274 (webtiles) character file.

Game seed: 17067528318677420647

3730 tilp the Covert (level 9, -3/69 HPs)
             Began as a Vampire Enchanter on Aug 9, 2023.
             Was an Initiate of Wu Jian.
             Slain by a killer bee (7 damage)
             ... on level 9 of the Dungeon.
             The game lasted 00:12:42 (8864 turns).

tilp the Covert (Vampire Enchanter)                 Turns: 8864, Time: 00:12:43

Health: -3/69      AC: 11    Str: 13    XL:     9   Next: 92%
Magic:  11/16      EV: 13    Int: 22    God:    Wu Jian [......]
Gold:   146        SH:  0    Dex: 16    Spells: 7/18 levels left

rFire   . . .        a - +4 dagger (elec)
rCold   . . .        (no shield)
rNeg    . . .        k - +3 leather armour of the Eight Boll Weevils {Regen+ Dex+2}
rPois   .            p - +0 helmet
rElec   .            s - scarf {shadows}
rCorr   .            (no gloves)
SInv    +            (no boots)
Will    .....        (no amulet)
Stlth   ++++         f - +4 ring of protection
HPRegen 1.31/turn    x - +6 ring of strength
MPRegen 0.15/turn

%: no passive effects
@: lethally poisoned (-3 -> -5), healing quickly
A: alive, fangs 3, see invisible, vampiric 2
a: Exsanguinate, Renounce Religion


You were on level 9 of the Dungeon.
You worshipped Wu Jian.
Wu Jian was noncommittal.
You visited 2 branches of the dungeon, and saw 10 of its levels.

You collected 414 gold pieces.
You spent 268 gold pieces at shops.

Inventory:

Hand Weapons
 a - a +4 dagger of electrocution (weapon)
 b - a +1 dagger of protection
 E - a +0 dagger of freezing
Missiles
 m - 18 poisoned darts (quivered)
 o - 4 boomerangs
 y - a curare-tipped dart
Armour
 k - the +3 leather armour of the Eight Boll Weevils (worn) {Regen+ Dex+2}
   (You found it on level 3 of the Dungeon)

   Dex+2:     It affects your dexterity (+2).
   Regen+:    It increases your rate of health regeneration.
 p - a +0 helmet (worn)
 s - a scarf of shadows (worn)
Jewellery
 f - a +4 ring of protection (left hand)
 x - a +6 ring of strength (right hand)
 C - a ring of resist corrosion
Wands
 n - a wand of polymorph (15)
 q - a wand of flame (45)
 v - a wand of iceblast (8)
 D - a wand of charming (6)
Scrolls
 d - 3 scrolls of poison
 g - 6 scrolls of teleportation
 l - 2 scrolls of revelation
 w - a scroll of amnesia
Potions
 c - 3 potions of invisibility
 e - a potion of brilliance
 h - a potion of enlightenment
 i - a potion of haste
 j - 2 potions of attraction
 r - 2 potions of magic
 t - a potion of lignification
 u - 2 potions of heal wounds
 z - 2 potions of curing
 A - a potion of cancellation
 B - 2 potions of ambrosia {unknown}


   Skills:
 - Level 6.0 Fighting
 * Level 8.8 Short Blades
 - Level 4.0 Dodging
 - Level 10.0 Stealth
 - Level 5.0 Spellcasting
 - Level 8.0 Hexes
 - Level 2.0 Evocations


You had 7 spell levels left.
You knew the following spells:

 Your Spells              Type           Power      Damage    Failure   Level
a - Ensorcelled Hibernat  Hex/Ice        46%        N/A       3%          2
b - Confusing Touch       Hex            40%        N/A       1%          3
c - Tukima's Dance        Hex            40%        N/A       1%          3
d - Dazzling Flash        Conj/Hex       46%        N/A       8%          3

Your spell library contained the following spells:

 Spells                   Type           Power      Damage    Failure   Level
 Portal Projectile        Hex/Tloc       46%        N/A       8%          3
 Magic Dart               Conj           20%        1d4       13%         1
 Blink                    Tloc           10%        N/A       19%         2
 Call Imp                 Summ           10%        N/A       19%         2
 Poisonous Vapours        Pois/Air       10%        N/A       19%         2
 Mephitic Cloud           Conj/Pois/Air  5%         N/A       36%         3
 Summon Mana Viper        Hex/Summ       23%        N/A       56%         5
 Iskenderun's Mystic Bla  Conj/Tloc      5%         2d3       77%         4
 Manifold Assault         Tloc           5%         N/A       77%         4
 Summon Ice Beast         Ice/Summ       5%         N/A       77%         4
 Freezing Cloud           Conj/Ice/Air   2%         6-21      98%         5
 Monstrous Menagerie      Summ           2%         N/A       100%        7


Dungeon Overview and Level Annotations

Branches:
Dungeon (9/15)             Temple (1/1) D:5
   Lair: D:8-11         Orc: D:9-12

Altars:
Ashenzari
Cheibriados
Fedhas
Gozag
Hepliaklqana
Kikubaaqudgha
Makhleb
Nemelex Xobeh
Okawaru
Ru
Sif Muna
Uskayaw
Vehumet
Wu Jian
Xom
Yredelemnul

Shops:
D:3 =   D:7 !


Innate Abilities, Weirdness & Mutations

Your natural rate of healing is accelerated.
You have razor-sharp teeth.
You have supernaturally acute eyesight. (SInv)
You are afflicted with vampirism and can become a bat while bloodless.


Message History

The killer bee stings you.
* * * LOW HITPOINT WARNING * * *
You are more poisoned.
The killer bee poisons you! The killer bee closely misses you. x2
The killer bee stings you.
* * * LOW HITPOINT WARNING * * *
You are more poisoned.
The killer bee poisons you!
Unknown command.
Unknown command.
* * * LOW HITPOINT WARNING * * *
You feel extremely sick.
The killer bee is no longer blind.
The killer bee stings you.
* * * LOW HITPOINT WARNING * * *
The killer bee stings you but does no damage.
The killer bee stings you.
* * * LOW HITPOINT WARNING * * *
The killer bee barely misses you. The killer bee closely misses you.
* * * LOW HITPOINT WARNING * * *
You feel very sick.
The killer bee stings you but does no damage.
The killer bee misses you.
There is a stone staircase leading up here.
Unknown command.
You feel better.
The killer bee is no longer blind.
The killer bee misses you. The killer bee completely misses you.
The killer bee stings you but does no damage.
The killer bee closely misses you. x2; The killer bee misses you.
The killer bee barely misses you.
The killer bee stings you but does no damage.
The killer bee closely misses you. The killer bee stings you!
* * * LOW HITPOINT WARNING * * *
You are poisoned.
The killer bee poisons you! The killer bee misses you. x2
The killer bee stings you but does no damage. x2
The killer bee stings you.
* * * LOW HITPOINT WARNING * * *
The killer bee stings you!
You die...

#..#####
##<....####
#.........
#.....###
#...#...#
###.###...
##..##..#
######........
#..y@y..#.####
#..yyy..#>#
#...y...#..
#...........
#............
#...........
#..........#
##.#.#.##..
#.#...# #.


You could see 6 killer bees.

Vanquished Creatures
  Maggie (D:8)
  Grinder (D:3)
  Sigmund (D:4)
  Eustachio (D:4)
  Menkaure (D:7)
  Duvessa (D:7)
  2 orc warriors
  A sky beast (D:6)
  2 ice beasts
  2 ogres
  A black bear (D:6)
  A centaur (D:6)
  A phantom (D:6)
  2 kobold brigands
  5 bullfrogs
  2 scorpions (D:6)
  Dowan (D:7)
  A wight (D:6)
  5 killer bees (D:7)
  An orc priest (D:6)
  4 hounds
  A jelly (D:1)
  A sleepcap (D:5)
  Jessica (D:2)
  Ijyb (D:3)
  5 iguanas
  6 orc wizards
  Terence (D:2)
  Robin (D:2)
  4 gnolls (D:6)
  10 adders
  A shadow imp (D:7)
  A white imp (D:6)
  An ufetubus (D:5)
  3 worms
  2 dart slugs (D:1)
  25 orcs
  6 bats
  7 endoplasms
  10 giant cockroaches
  12 goblins
  4 hobgoblins
  A jackal (D:1)
  17 kobolds
  4 quokkas
  12 ball pythons
  2 frilled lizards
  9 rats
185 creatures vanquished.

Vanquished Creatures (collateral kills)
  An ogre (D:6)
  An adder (D:6)
2 creatures vanquished.

Vanquished Creatures (others)
  A dancing weapon (D:6)
1 creature vanquished.

Grand Total: 188 creatures vanquished

Notes
Turn   | Place    | Note
-------+----------+-------------------------------------------
     0 | D:1      | tilp the Vampire Enchanter began the quest for the Orb.
     0 | D:1      | Reached XP level 1. HP: 13/13 MP: 3/3
     2 | D:1      | Found a runed translucent door.
   180 | D:1      | Reached XP level 2. HP: 20/20 MP: 5/5
   183 | D:1      | Learned a level 2 spell: Ensorcelled Hibernation
   424 | D:1      | Found a faded altar of an unknown god.
   832 | D:1      | Reached skill level 1 in Fighting
   961 | D:1      | Gained mutation: You are afflicted with vampirism and can
                  | become a bat while bloodless. [Vampire growth]
   961 | D:1      | Reached XP level 3. HP: 21/26 MP: 6/6
  1048 | D:1      | Reached skill level 5 in Stealth
  1048 | D:1      | Reached XP level 4. HP: 28/32 MP: 0/7
  1149 | D:2      | Noticed Terence
  1285 | D:2      | Killed Terence
  1305 | D:2      | Reached skill level 5 in Hexes
  1528 | D:2      | Identified the +0 quarterstaff of Miacw {speed, Will+ Str-3
                  | SInv}
  1533 | D:2      | Learned a level 3 spell: Confusing Touch
  1635 | D:2      | Reached XP level 5. HP: 38/38 MP: 5/8
  1790 | D:2      | Noticed Robin
  1800 | D:2      | Noticed Jessica
  1966 | D:2      | Noticed an ogre
  1975 | D:2      | Killed an ogre
  2375 | D:2      | Killed Jessica
  2376 | D:2      | Reached XP level 6. HP: 46/46 MP: 2/9
  2525 | D:2      | Found a radiant altar of Vehumet.
  2653 | D:2      | Killed Robin
  2844 | D:2      | Found a radiant altar of Vehumet.
  3138 | D:3      | Noticed Grinder
  3138 | D:3      | Noticed Ijyb
  3147 | D:3      | Killed Grinder
  3148 | D:3      | Reached skill level 6 in Stealth
  3200 | D:3      | Killed Ijyb
  3201 | D:3      | Reached XP level 7. HP: 52/52 MP: 8/11
  3351 | D:3      | Learned a level 3 spell: Tukima's Dance
  3355 | D:3      | Learned a level 3 spell: Dazzling Flash
  3480 | D:3      | Found a faded altar of an unknown god.
  3480 | D:3      | Found a hazy altar of Hepliaklqana.
  3488 | D:3      | Found a faded altar of an unknown god.
  3633 | D:3      | Found Haemuocu's Jewellery Shoppe.
  3804 | D:3      | Identified the +3 leather armour of the Eight Boll Weevils
                  | {Regen+ Dex+2}
  4163 | D:4      | Noticed Eustachio
  4167 | D:4      | Killed Eustachio
  4198 | D:4      | Noticed Sigmund
  4207 | D:4      | Killed Sigmund
  4361 | D:4      | Reached skill level 5 in Short Blades
  4585 | D:4      | Reached XP level 8. HP: 60/60 MP: 13/13
  4678 | D:5      | Entered Level 5 of the Dungeon
  4815 | D:5      | Reached skill level 7 in Stealth
  5019 | D:5      | Found a radiant altar of Vehumet.
  5023 | D:5      | Found a staircase to the Ecumenical Temple.
  5071 | Temple   | Entered the Ecumenical Temple
  5684 | D:6      | Reached skill level 1 in Evocations
  5748 | D:6      | Reached skill level 5 in Fighting
  5868 | D:6      | Reached skill level 8 in Stealth
  5929 | D:6      | Found a burning altar of Makhleb.
  6050 | D:6      | Found an opulent altar of Gozag.
  6062 | D:6      | Reached XP level 9. HP: 68/68 MP: 12/15
  6922 | D:7      | Noticed Dowan
  6961 | D:7      | Found Gafi's Distillery.
  6966 | D:7      | Bought a potion of degeneration for 14 gold pieces
  6966 | D:7      | Bought a potion of heal wounds for 70 gold pieces
  6966 | D:7      | Bought a potion of cancellation for 112 gold pieces
  6966 | D:7      | Bought a potion of curing for 42 gold pieces
  6985 | D:7      | Noticed Menkaure
  6991 | D:7      | Killed Menkaure
  7115 | D:7      | Noticed Duvessa
  7132 | D:7      | Killed Duvessa
  7161 | D:7      | Killed Dowan
  7206 | D:7      | Reached skill level 9 in Stealth
  7610 | D:7      | Found Gafi's Distillery.
  8169 | D:7      | Found Gafi's Distillery.
  8302 | D:8      | Reached skill level 5 in Spellcasting
  8305 | D:8      | Found Difif's CLEARANCE SALE!.
  8311 | D:8      | Bought a scroll of teleportation for 15 gold pieces
  8311 | D:8      | Bought a potion of curing for 15 gold pieces
  8515 | D:8      | Noticed Maggie
  8521 | D:8      | Killed Maggie
  8607 | D:8      | Reached skill level 10 in Stealth
  8636 | D:8      | Found an ornate altar of the Wu Jian Council.
  8744 | D:8      | Found a shadowy altar of Dithmenos.
  8745 | D:8      | Found a hide-covered altar of Uskayaw.
  8750 | D:8      | Found a bloodstained altar of Trog.
  8750 | D:8      | Found a sparkling altar of Nemelex Xobeh.
  8750 | D:8      | Found a shimmering altar of Xom.
  8819 | D:8      | Became a worshipper of the Wu Jian Council
  8864 | D:9      | Slain by a killer bee

Illustrated notes

Levels and vault maps discovered:
D:1:      dpeg_arrival_caged_fury, layout_basic, ebering_ecumenical_altar_mist
D:2:      layout_basic, basic_altar, st_stairs_7, uniq_terence, uniq_jessica,
          uniq_robin
D:3:      layout_basic, chequers_temple_overflow_minitemple, serial_shops, shop,
          uniq_grinder, uniq_ijyb
D:4:      layout_rooms, uniq_sigmund, uniq_eustachio
D:5:      layout_loops_ring, vehumet_altar_wand_db,
          minmay_temple_entry_statues_pillars
D:6:      layout_basic, mainiacjoe_overflow_brackets, lemuel_round_altar,
          minmay_bent
D:7:      layout_cave_pools, serial_shops, shop, dk_rats_in_the_wall,
          uniq_duvessa, uniq_menkaure
D:8:      layout_rooms, old_standard_altar, doesnt_xom_only_xom,
          nicolae_shop_clearance, uniq_maggie
D:9:      layout_rooms, nicolae_dithmenos_shadow_blocks,
          mainiacjoe_overflow_catch_the_wave, kennysheep_small_square
Temple:   cyrus_temple_forest

Skill      XL: |  1  2  3  4  5  6  7  8  9 |
---------------+----------------------------+-----
Fighting       | 1 2 3 4 5 6 |  6.0
Short Blades   | 2 3 4 5 6 8 |  8.8
Stealth        | 5 6 8 10 | 10.0
Hexes          | 5 6 7 8 |  8.0
Dodging        | 3 4 |  4.0
Spellcasting   | 3 4 5 |  5.0
Evocations     | 1 2 |  2.0

Action                     |  1- 3 |  4- 6 |  7- 9 || total
---------------------------+-------+-------+-------++-------
  Melee: Dagger            |   108 |   122 |   254 ||   484
         Bite              |    10 |    12 |    23 ||    45
         Punch             |     2 |     1 |     2 ||     5
  Throw: Dart              |       |       |     1 ||     1
   Cast: Ensorcelled Hiber |     5 |    31 |    46 ||    82
         Confusing Touch   |       |     3 |    11 ||    14
         Dazzling Flash    |       |       |    10 ||    10
         Tukima's Dance    |       |       |     3 ||     3
    Use: Scroll            |       |       |    17 ||    17
         Potion            |       |       |     2 ||     2
   Stab: Sleeping          |     9 |    22 |    48 ||    79
         Confused          |       |     2 |     9 ||    11
         Invisible         |       |       |     5 ||     5
 Armour: Robe              |    14 |    52 |     1 ||    67
         Leather armour    |       |       |   110 ||   110
  Dodge: Dodged            |    52 |   115 |   211 ||   378

Table legend: (Time is in decaauts)
 A = Elapsed time spent in this place.
 B = Non-inter-level travel time spent in this place.
 C = Inter-level travel time spent in this place.
 D = Time resting spent in this place.
 E = Time spent auto-exploring this place.
 F = Levels seen in this place.
 G = Mean time per level.
                   A        B        C        D        E       F      G
               +--------+--------+--------+--------+--------+-----+--------+
         Total |   8760 |   8382 |    378 |    612 |   6253 |  10 |  876.0 |
       Dungeon |   8758 |   8380 |    378 |    612 |   6253 |   9 |  973.1 |
        Temple |      1 |      1 |      0 |      0 |      0 |   1 |    1.0 |
               +--------+--------+--------+--------+--------+-----+--------+

Top non-repeatable levels by time:
     D:2: 1941 daAuts
     D:6: 1409 daAuts
     D:7: 1362 daAuts
     D:1: 1242 daAuts
     D:3: 903 daAuts
     D:5: 786 daAuts
     D:4: 556 daAuts
     D:8: 535 daAuts
     D:9: 20 daAuts
  Temple: 1 daAuts
